 Dungeon Crawl Stone Soup version 0.27-a0-1149-g4505690ab0 (webtiles) character file.

Game seed: 1368013211134999486

423 st0uf the Shield-Bearer (level 6, -6/39 HPs)
             Began as a Gargoyle Fighter on May 12, 2021.
             Mangled by Prince Ribbit (12 damage)
             ... on level 7 of the Dungeon.
             The game lasted 00:07:03 (3998 turns).

st0uf the Shield-Bearer (Gargoyle Fighter)          Turns: 3998, Time: 00:07:03

Health: -6/39      AC: 12    Str: 19    XL:     6   Next: 95%
Magic:  6/6        EV:  7    Int: 11    God:
Gold:   240        SH:  9    Dex:  9    Spells: 5/5 levels left

rFire    . . .     SeeInvis .   a - +0 flail
rCold    . . .     Faith    .   c - +0 kite shield
rNeg     + . .     Spirit   .   b - +0 scale mail
rPois    ∞         Reflect  .   n - +0 helmet
rElec    +         Harm     .   (no cloak)
rCorr    .         Rampage  .   (no gloves)
Will     .....                  (no boots)
Stlth    ..........             (no amulet)
HPRegen  0.13/turn              (no ring)
MPRegen  0.10/turn              (no ring)

@: no status effects
A: sickness immunity, AC +4, negative energy resistance 1, electricity
resistance, torment resistance 1, petrification resistance
a: no special abilities


You were on level 7 of the Dungeon.
You visited 1 branch of the dungeon, and saw 6 of its levels.

You collected 240 gold pieces.

Inventory:

Hand Weapons
 a - a +0 flail (weapon)
Missiles
 k - 36 stones (quivered)
 m - 37 poisoned darts
 s - 3 boomerangs
 u - 2 throwing nets
Armour
 b - a +0 scale mail (worn)
 c - a +0 kite shield (worn)
 n - a +0 helmet (worn)
Magical Staves
 l - a staff of conjuration
Wands
 p - a wand of acid (11)
Scrolls
 e - 5 scrolls of identify {unknown}
 f - 2 scrolls of teleportation {unknown}
 g - a scroll of immolation {unknown}
 h - a scroll of amnesia {unknown}
 i - a scroll of enchant armour {unknown}
 j - a scroll of torment {unknown}
 o - 2 scrolls of holy word {unknown}
 q - a scroll of noise {unknown}
 r - a scroll of fear {unknown}
 v - 2 scrolls of summoning
Potions
 d - a potion of might
 t - a potion of lignification {unknown}


   Skills:
 + Level 4.5 Fighting
 + Level 4.8 Maces & Flails
 + Level 4.6 Armour
 + Level 0.4 Stealth
 + Level 4.8 Shields


You had 5 spell levels left.
You didn't know any spells.
Your spell library was empty.

Dungeon Overview and Level Annotations

Branches:
Dungeon (5/15)
 Temple: D:4-7

Altars:

Annotations:
D:7 Prince Ribbit


Innate Abilities, Weirdness & Mutations

You are immune to sickness and miasma.
Your stone body is resilient. (AC +4)
You are immune to poison.
You resist negative energy. (rN+)
You are resistant to electric shocks. (rElec)
You are resistant to unholy torment.
You are immune to petrification.


Message History

The white imp is heavily wounded.
You block Prince Ribbit's attack. You block the white imp's attack.
Prince Ribbit hits you but does no damage.
You closely miss the white imp.
The white imp is heavily wounded.
The white imp barely misses you. Prince Ribbit barely misses you.
The white imp barely misses you. Prince Ribbit hits you!
You sock the white imp!
You kill the white imp!
You block Prince Ribbit's attack. Prince Ribbit hits you.
You see here 3 scrolls labelled SICEOG GE WAH.
You closely miss Prince Ribbit.
Prince Ribbit blinks!
Prince Ribbit hops awkwardly around.
v - 3 scrolls labelled SICEOG GE WAH You miss Prince Ribbit.
Prince Ribbit hits you!
* * * LOW HITPOINT WARNING * * *
You block Prince Ribbit's attack.
You closely miss Prince Ribbit. Prince Ribbit closely misses you.
Prince Ribbit hits you.
* * * LOW HITPOINT WARNING * * *
As you read the scroll labelled SICEOG GE WAH, it crumbles to dust.
Wisps of shadow whirl around you...
It was a scroll of summoning.
Prince Ribbit hits you.
* * * LOW HITPOINT WARNING * * *
Your jelly barely misses Prince Ribbit.
Prince Ribbit barely misses you.
Your jelly hits Prince Ribbit.
Prince Ribbit is splashed with acid.
The acid corrodes Prince Ribbit!
Your sky beast hits Prince Ribbit.
Your sky beast shocks Prince Ribbit.
You sock Prince Ribbit!
Prince Ribbit is heavily wounded.
Your ufetubus closely misses Prince Ribbit. x2
Prince Ribbit hops awkwardly around.
Prince Ribbit blinks!
Your ufetubus closely misses Prince Ribbit.
Your ufetubus completely misses Prince Ribbit.
Your sky beast flickers out of sight for a moment.
Your sky beast closely misses Prince Ribbit.
Prince Ribbit hits you!
You die...

..........###.....#.>.#
..........#.#...........
)...........##.....[....
.
.....#..................
..
......................##
...
.....................#
.... #...Y..#..........##
..... #...JF.##......#..#
......#..§@5.###.....####
#.........# #....##
##.....#### ##.###
####.## ### ###


You could see Prince Ribbit (corroded, ally target), a friendly sky beast
(summoned, invisible), a friendly jelly (summoned) and a friendly ufetubus
(summoned).

Vanquished Creatures
  2 centaurs (D:4)
  A scorpion (D:4)
  A bullfrog zombie (D:3)
  An orc wizard (D:4)
  Robin (D:2)
  A gnoll (D:1)
  2 adders (D:2)
  A shadow imp (D:4)
  A white imp (D:7)
  3 worms
  3 dart slugs
  3 orcs (D:4)
  4 endoplasms
  3 giant cockroaches
  12 hobgoblins
  6 kobolds
  2 quokkas
  5 ball pythons
  5 bats
  6 frilled lizards
  14 goblins
  7 rats
84 creatures vanquished.

Notes
Turn   | Place    | Note
-------+----------+-------------------------------------------
     0 | D:1      | st0uf the Gargoyle Fighter began the quest for the Orb.
     0 | D:1      | Reached XP level 1. HP: 14/14 MP: 1/1
   165 | D:1      | Reached XP level 2. HP: 19/19 MP: 2/2
   399 | D:1      | Reached XP level 3. HP: 17/23 MP: 3/3
  1395 | D:2      | Reached XP level 4. HP: 28/29 MP: 4/4
  1754 | D:2      | Found a faded altar of an unknown god.
  2101 | D:3      | Noticed Robin
  2214 | D:2      | Killed Robin
  2388 | D:3      | Reached XP level 5. HP: 25/33 MP: 5/5
  3380 | D:4      | Noticed a centaur
  3395 | D:4      | Killed a centaur
  3396 | D:4      | Reached XP level 6. HP: 34/38 MP: 6/6
  3775 | D:4      | You fall into a shaft and drop 1 floor!
  3775 | D:5      | Entered Level 5 of the Dungeon
  3958 | D:4      | You fall into a shaft and drop 3 floors!
  3980 | D:7      | Noticed Prince Ribbit
  3998 | D:7      | Mangled by Prince Ribbit

Illustrated notes

Levels and vault maps discovered:
D:1:      psy_arrival_basics, layout_rooms
D:2:      layout_loops_corners, serial_aquarium, aquarium_bridge_long_joined
          [aquarium_subvault_bridge, aquarium_subvault_bridge,
          aquarium_subvault_balcony, aquarium_subvault_window,
          aquarium_subvault_bridge, aquarium_subvault_balcony],
          aquarium_window_1, aquarium_window_fake, aquarium_view_2b,
          aquarium_view_2c, chequers_ecumenical_altar_grove
D:3:      layout_loops_cross, uniq_robin
D:4:      layout_basic
D:5:      layout_cave_pools, serial_undead, serial_undead_e, serial_undead_b,
          serial_undead_c, serial_undead_e, serial_undead_a, serial_undead_f,
          serial_undead_f, hangedman_decor_riveting
D:7:      layout_cave_pools, david_defended_altar_orc, uniq_prince_ribbit1

Skill      XL: |  1  2  3  4  5 |
---------------+----------------+-----
Fighting       | 4 |  4.5
Shields        | 4 |  4.8
Armour         | 4 |  4.6
Maces & Flails | 3 4 |  4.8
Stealth        | |  0.4

Action                   |  1- 3 |  4- 6 || total
-------------------------+-------+-------++-------
Melee: Flail             |   108 |   212 ||   320
  Use: Scroll            |       |     1 ||     1
Armor: Scale mail        |    62 |   133 ||   195
Dodge: Dodged            |    27 |    63 ||    90
Block: Kite shield       |    65 |   134 ||   199

Table legend: (Time is in decaauts)
 A = Elapsed time spent in this place.
 B = Non-inter-level travel time spent in this place.
 C = Inter-level travel time spent in this place.
 D = Time resting spent in this place.
 E = Time spent auto-exploring this place.
 F = Levels seen in this place.
 G = Mean time per level.
                   A        B        C        D        E       F      G
               +--------+--------+--------+--------+--------+-----+--------+
         Total |   4147 |   4045 |    102 |    133 |   3036 |   6 |  691.2 |
       Dungeon |   4147 |   4045 |    102 |    133 |   3036 |   6 |  691.2 |
               +--------+--------+--------+--------+--------+-----+--------+

Top non-repeatable levels by time:
     D:2: 1666 daAuts
     D:4: 850 daAuts
     D:3: 841 daAuts
     D:1: 741 daAuts
     D:7: 43 daAuts
     D:5: 3 daAuts
